 Dungeon Crawl Stone Soup version 0.28-a0-649-g2b6bb2fd11 (webtiles) character file.

Game seed: 16843811129938856610

53 Gargoyl the Skirmisher (level 3, -1/35 HPs)
             Began as a Gnoll Abyssal Knight on Oct 11, 2021.
             Was an Initiate of Lugonu.
             Succumbed to an orc's poison
             ... on level 2 of the Dungeon.
             The game lasted 00:01:10 (992 turns).

Gargoyl the Skirmisher (Gnoll Abyssal Knight)        Turns: 992, Time: 00:01:10

Health: -1/35      AC:  3    Str: 13    XL:     3   Next: 87%
Magic:  6/6        EV: 12    Int:  9    God:    Lugonu [......]
Gold:   46         SH:  0    Dex: 12    Spells: 4/4 levels left

rFire   . . .      SeeInvis .   a - +1 hand axe
rCold   . . .      Faith    .   (no shield)
rNeg    . . .      Spirit   .   b - +0 leather armour
rPois   .          Reflect  .   (no helmet)
rElec   .          Harm     +   k - scarf {harm}
rCorr   .          Rampage  .   (no gloves)
Will    .....                   (no boots)
Stlth   +.........              (no amulet)
HPRegen 0.11/turn               (no ring)
MPRegen 0.10/turn               (no ring)

@: lethally poisoned (-1 -> -25)
A: fangs 1, strong nose, distributed training
a: Renounce Religion


You were on level 2 of the Dungeon.
You worshipped Lugonu.
Lugonu was noncommittal.
You visited 1 branch of the dungeon, and saw 2 of its levels.
You visited the Abyss 1 time.

You collected 46 gold pieces.

Inventory:

Hand Weapons
 a - a +1 hand axe (weapon)
Armour
 b - a +0 leather armour (worn)
 k - a scarf of harm (worn)
Scrolls
 c - a scroll of torment {unknown}
 d - a scroll of summoning {unknown}
 f - a scroll of noise {unknown}
 g - 2 scrolls of identify {unknown}
 h - a scroll of magic mapping {unknown}
 j - a scroll of teleportation {unknown}
Potions
 e - 2 potions of ambrosia {unknown}
 i - a potion of curing {unknown}


   Skills:
 + Level 6.5 Fighting
 + Level 1.0 Short Blades
 + Level 1.0 Long Blades
 + Level 4.6 Axes
 + Level 1.0 Maces & Flails
 + Level 1.0 Polearms
 + Level 1.0 Staves
 + Level 1.0 Slings
 + Level 1.0 Bows
 + Level 1.0 Crossbows
 + Level 1.0 Throwing
 + Level 4.6 Armour
 + Level 2.6 Dodging
 + Level 1.0 Stealth
 + Level 1.0 Shields
 + Level 1.0 Unarmed Combat
 + Level 1.0 Spellcasting
 + Level 0.7 Conjurations
 + Level 0.7 Hexes
 + Level 0.7 Summonings
 + Level 0.7 Necromancy
 + Level 0.7 Translocations
 + Level 0.7 Transmutations
 + Level 0.7 Fire Magic
 + Level 0.7 Ice Magic
 + Level 0.7 Air Magic
 + Level 0.7 Earth Magic
 + Level 0.7 Poison Magic
 + Level 4.6 Invocations
 + Level 1.0 Evocations


You had 4 spell levels left.
You didn't know any spells.
Your spell library contained the following spells:

 Spells                   Type           Power      Damage    Failure   Level
 Summon Small Mammal      Summ           4%         N/A       34%         1
 Sublimation of Blood     Necr           0%         N/A       45%         2
 Call Canine Familiar     Summ           1%         N/A       71%         3
 Summon Guardian Golem    Hex/Summ       1%         N/A       71%         3
 Petrify                  Tmut/Erth      1%         N/A       98%         4
 Irradiate                Conj/Tmut      0%         3d13      100%        5


Dungeon Overview and Level Annotations

Branches:
Dungeon (2/15)

Altars:


Innate Abilities, Weirdness & Mutations

You have very sharp teeth.
Your uncanny sense of smell can sniff out nearby items.
Your experience applies equally to all skills.


Message History

An orc comes into view. It is wielding a +1 dagger of venom.
The orc shouts!
An orc comes into view. It is wielding a +0 dagger.
There are monsters nearby!
An orc comes into view. It is wielding a +0 war axe.
The orc shouts!
The orc hits you with a +1 dagger of venom.
You are poisoned.
You hit the orc.
The orc is moderately wounded.
You feel very sick. The orc hits you but does no damage.
You are more poisoned.
You hit the orc but do no damage.
The orc is moderately wounded.
You feel very sick. The orc completely misses you.
The orc hits you but does no damage.
You hit the orc.
The orc is almost dead.
You hit the orc. You closely miss the orc.
You feel very sick.
The orc hits you with a +1 dagger of venom.
You are lethally poisoned!
The orc hits you with a +0 dagger. The orc hits you with a +0 war axe.
The orc hits you with a +1 dagger of venom.
You are more poisoned.
You slash the orc!
You kill the orc!
Lugonu accepts your kill.
You barely miss the orc. You hit the orc.
* * * LOW HITPOINT WARNING * * *
You feel extremely sick. The orc hits you with a +0 dagger.
* * * LOW HITPOINT WARNING * * *
The orc barely misses you.
You slash the orc!
You kill the orc!
Lugonu accepts your kill.
You closely miss the orc.
You die...

...##.## ###
.#.##.>## ..#
........# #.#
######.)### #.#
####...###.### #
#............# .#
#..........#.##.###
#..........#......#
#..........#.@o...#
############.))...#
#......# #......#
#......# #......#
#......# ########


You could see an orc.

Vanquished Creatures
  A quasit (Abyss:1)
  2 orcs (D:2)
  2 bats (D:1)
  2 endoplasms
  A giant cockroach (D:1)
  2 goblins (D:1)
  A hobgoblin (D:2)
  A jackal (D:2)
  5 ball pythons
  3 frilled lizards
  A kobold (D:2)
21 creatures vanquished.

Notes
Turn   | Place    | Note
-------+----------+-------------------------------------------
     0 | Abyss:1  | Gargoyl the Gnoll Abyssal Knight began the quest for the
                  | Orb.
     0 | Abyss:1  | Reached XP level 1. HP: 23/23 MP: 3/3
    91 | Abyss:1  | Noticed a quasit
   101 | Abyss:1  | Killed a quasit
   102 | Abyss:1  | Reached XP level 2. HP: 29/29 MP: 5/5
   102 | Abyss:1  | Reached XP level 3. HP: 35/35 MP: 6/6
   143 | Abyss:1  | Noticed a sixfirhy
   144 | D:1      | Escaped the Abyss
   487 | D:1      | Found a faded altar of an unknown god.
   889 | D:2      | Reached skill level 1 in Short Blades
   889 | D:2      | Reached skill level 1 in Long Blades
   889 | D:2      | Reached skill level 1 in Maces & Flails
   889 | D:2      | Reached skill level 1 in Polearms
   889 | D:2      | Reached skill level 1 in Staves
   889 | D:2      | Reached skill level 1 in Slings
   889 | D:2      | Reached skill level 1 in Bows
   889 | D:2      | Reached skill level 1 in Crossbows
   889 | D:2      | Reached skill level 1 in Throwing
   889 | D:2      | Reached skill level 1 in Stealth
   889 | D:2      | Reached skill level 1 in Shields
   889 | D:2      | Reached skill level 1 in Unarmed Combat
   889 | D:2      | Reached skill level 1 in Spellcasting
   889 | D:2      | Reached skill level 1 in Evocations
   992 | D:2      | Succumbed to an orc's poison

Illustrated notes

Levels and vault maps discovered:
D:1:      lemuel_arrival_tunnels, layout_rooms, chequers_ecumenical_altar_island
D:2:      layout_rooms, minmay_tromino_v4_a

Skill      XL: |  1  2  3 |
---------------+----------+-----
Short Blades   | 1 |  1.0
Long Blades    | 1 |  1.0
Maces & Flails | 1 |  1.0
Polearms       | 1 |  1.0
Staves         | 1 |  1.0
Slings         | 1 |  1.0
Bows           | 1 |  1.0
Crossbows      | 1 |  1.0
Throwing       | 1 |  1.0
Stealth        | 1 |  1.0
Shields        | 1 |  1.0
Unarmed Combat | 1 |  1.0
Spellcasting   | 1 |  1.0
Evocations     | 1 |  1.0
Fighting       | |  6.5
Axes           | |  4.6
Armour         | |  4.6
Dodging        | |  2.6
Conjurations   | |  0.7
Hexes          | |  0.7
Summonings     | |  0.7
Necromancy     | |  0.7
Translocations | |  0.7
Transmutations | |  0.7
Fire Magic     | |  0.7
Ice Magic      | |  0.7
Air Magic      | |  0.7
Earth Magic    | |  0.7
Poison Magic   | |  0.7
Invocations    | |  4.6

Action                   || total
-------------------------++-------
Melee: Hand axe          ||    46
       Bite              ||     4
Invok: Depart the Abyss  ||     1
  Use: Potion            ||     1
Armor: Leather armour    ||    26
Dodge: Dodged            ||    58

Table legend: (Time is in decaauts)
 A = Elapsed time spent in this place.
 B = Non-inter-level travel time spent in this place.
 C = Inter-level travel time spent in this place.
 D = Time resting spent in this place.
 E = Time spent auto-exploring this place.
 F = Levels seen in this place.
 G = Mean time per level.
                   A        B        C        D        E       F      G
               +--------+--------+--------+--------+--------+-----+--------+
         Total |   1002 |    972 |     30 |      0 |    786 |   3 |  334.0 |
       Dungeon |    850 |    820 |     30 |      0 |    653 |   2 |  425.0 |
         Abyss |    151 |    151 |      0 |      0 |    133 |   1 |  151.0 |
               +--------+--------+--------+--------+--------+-----+--------+

Top non-repeatable levels by time:
     D:1: 614 daAuts
     D:2: 236 daAuts
 Abyss:1: 151 daAuts
